 Dungeon Crawl Stone Soup version 0.25.0-9-g26727b657a (webtiles) character file.

Game seed: 7582034714471008448

308 DRShiny the Chopper (level 6, -4/56 HPs)
             Began as a Minotaur Berserker on June 11, 2020.
             Was a Believer of Trog.
             Killed from afar by an orc wizard (8 damage)
             ... with a puff of flame
             ... on level 3 of the Dungeon on June 18, 2020.
             The game lasted 00:27:17 (3035 turns).

DRShiny the Chopper (Minotaur Berserker)            Turns: 3035, Time: 00:27:20

Health: -4/56      AC:  8    Str: 24    XL:     6   Next: 17%
Magic:  5/5        EV: 10    Int:  4    God:    Trog [**....]
Gold:   166        SH:  3    Dex:  9    Spells: 5/5 levels left

rFire    . . .     SeeInvis .   a - +0 hand axe
rCold    . . .     Gourm    .   q - +1 buckler
rNeg     . . .     Faith    .   h - +0 scale mail
rPois    .         Spirit   .   (helmet restricted)
rElec    .         Reflect  .   (no cloak)
rCorr    .         Harm     .   n - +0 pair of gloves
MR       .....     Rnd*Tele +   (no boots)
Stlth    ..........             (no amulet)
HPRegen  0.18/turn              u - ring of teleportation (curse)
MPRegen  0.09/turn              (no ring)

@: no status effects
A: retaliatory headbutt, horns 2
a: Berserk, Trog's Hand, Renounce Religion


You were on level 3 of the Dungeon.
You worshipped Trog.
Trog was pleased with you.
You were not hungry.

You visited 1 branch of the dungeon, and saw 3 of its levels.

You collected 166 gold pieces.

Inventory:

Hand Weapons
 a - a +0 hand axe (weapon)
 i - a +0 spear
 s - a +0 hand axe
 t - a +0 hand axe
 w - a +4 quarterstaff of chaos
Missiles
 e - 124 stones (quivered)
 l - 40 sling bullets
Armour
 b - a +0 animal skin
 g - a +0 leather armour
 h - a +0 scale mail (worn)
 n - a +0 pair of gloves (worn)
 q - a +1 buckler (worn)
Jewellery
 u - a cursed ring of teleportation (left hand)
Scrolls
 d - 2 scrolls of fog {unknown}
 o - 2 scrolls of identify
Potions
 f - a potion of degeneration {unknown}
 j - 2 potions of flight {unknown}
 k - a potion of cancellation {unknown}
 m - 3 potions of haste
 v - a potion of lignification {unknown}
Comestibles
 c - 5 rations
 p - 10 chunks of flesh


   Skills:
 + Level 5.2 Fighting
 * Level 6.4 Axes
 + Level 4.2 Armour
 - Level 2.4 Dodging


You had 5 spell levels left.
You didn't know any spells.
Your spell library was empty.

Dungeon Overview and Level Annotations

Branches:
Dungeon (3/15)

Altars:
Ashenzari
Qazlal
Uskayaw

Annotations:
D:3 1 runed translucent door


Innate Abilities, Weirdness & Mutations

You reflexively headbutt those who attack you in melee.
You have a pair of horns on your head.


Message History

There is an open door here.
You hear some strange, mumbled words.
A puff of flame appears from out of thin air!
The puff of flame hits you!
* * * LOW HITPOINT WARNING * * *
A hobgoblin comes into view. It is wielding a +0 club.
The hobgoblin shouts!
You hear some strange, mumbled words.
A puff of flame appears from out of thin air!
The puff of flame hits you.
* * * LOW HITPOINT WARNING * * *
Found a dagger.
A puff of frost appears from out of thin air!
The puff of frost hits you!
* * * LOW HITPOINT WARNING * * *
The hobgoblin barely misses you. You furiously retaliate!
You headbutt the hobgoblin.
A puff of flame appears from out of thin air!
The puff of flame hits you!
You die...

...⌠.......
###.....)....
#............
#............ #####
#............
#.....##............
#...................
#...........@....#
#............g...#
#........{.....>.#
#................#
#................#
#..^.............#
#.....#o#........#
#.#####o####.....#
#.....###....#


You could see an orc wizard, an orc and a hobgoblin.

Vanquished Creatures
  An ogre (D:2)
  Crazy Yiuf (D:2)
  An orc wizard (D:3)
  Jessica (D:2)
  7 adders
  2 oozes (D:2)
  2 worms
  2 dart slugs (D:1)
  A leopard gecko (D:1)
  2 orcs (D:3)
  A giant cockroach (D:1)
  7 goblins
  5 hobgoblins
  9 jackals (D:2)
  7 bats
  4 frilled lizards
  8 kobolds
  8 rats
69 creatures vanquished.

Notes
Turn   | Place    | Note
-------+----------+-------------------------------------------
     0 | D:1      | DRShiny the Minotaur Berserker began the quest for the Orb.
     0 | D:1      | Reached XP level 1. HP: 19/19 MP: 0/0
   136 | D:1      | Reached skill level 4 in Axes
   136 | D:1      | Reached XP level 2. HP: 24/27 MP: 1/1
   314 | D:1      | Found a shattered altar of Ashenzari.
   580 | D:1      | Upgraded the game from 0.25-b1-46-gb8a1ec05df to
                  | 0.25.0-9-g26727b657a
   844 | D:2      | Reached XP level 3. HP: 33/33 MP: 2/2
   961 | D:2      | Found a hide-covered altar of Uskayaw.
  1455 | D:2      | Reached XP level 4. HP: 41/41 MP: 3/3
  1548 | D:2      | Reached ** piety under Trog
  1548 | D:2      | Reached skill level 5 in Axes
  1899 | D:2      | Found a faded altar of an unknown god.
  1899 | D:2      | Noticed Jessica
  1906 | D:2      | Killed Jessica
  1921 | D:2      | Noticed an ogre
  2285 | D:2      | Killed an ogre
  2285 | D:2      | Reached skill level 5 in Fighting
  2285 | D:2      | Reached skill level 6 in Axes
  2285 | D:2      | Reached XP level 5. HP: 48/48 MP: 4/4
  2315 | D:2      | Found a runed translucent door.
  2316 | D:2      | Noticed Crazy Yiuf
  2586 | D:2      | Killed Crazy Yiuf
  2723 | D:3      | Found a stormy altar of Qazlal.
  2890 | D:3      | Found a runed translucent door.
  2922 | D:3      | Reached XP level 6. HP: 49/56 MP: 5/5
  3035 | D:3      | Killed from afar by an orc wizard

Illustrated notes

Levels and vault maps discovered:
D:1:      lemuel_arrival_room, layout_rooms, ashenzari_altar_1
D:2:      layout_basic, eat_drink_and_be_merry_uskayaw,
          chequers_ecumenical_altar_island, first_ration, minmay_octomino_c4,
          uniq_crazy_yiuf_cottage, uniq_jessica
D:3:      layout_basic, nicolae_qazlal_general_emergency, ebering_ghost_sewer_d,
          interstate_on_off, chequers_serial_rivers_large_a,
          kennysheep_pointless_box, grunt_ministairs_5, serial_park_tiny_pond

Skill      XL: |  1  2  3  4  5 |
---------------+----------------+-----
Axes           | 4 6 |  6.4
Fighting       | 4 5 |  5.2
Armour         | 3 4 |  4.2
Dodging        | |  2.4

Action                   |  1- 3 |  4- 6 || total
-------------------------+-------+-------++-------
Melee: Hand axe          |    74 |    91 ||   165
       Headbutt          |     9 |    18 ||    27
  Use: Potion            |     1 |       ||     1
       Scroll            |     1 |     4 ||     5
  Eat: Ration            |     1 |       ||     1
       Chunk             |       |     3 ||     3
Armor: Animal skin       |     9 |       ||     9
       Leather armour    |     8 |     2 ||    10
       Scale mail        |       |    39 ||    39
Dodge: Dodged            |    42 |    58 ||   100
Block: Buckler           |       |    10 ||    10
